AoeStats
← ĐẠI ĐÔ ĐỐC MẠNH ĐẠT

Nomad

516875148Analyzed
1v1 RM · 7d ago on Oct 28, 2026· 27m 10s· 2 players
Game mode
Random Map
Map size
126×126
Population
200
Speed
Normal
Resources
Standard
Victory
Conquest
Starting age
Dark Age
Ending age
Imperial Age
RankedLock teamsTeams togetherTeam positionsShared explorationLock speedFull tech treeHidden civsTurbo modeCheats
Victory
Defeat
🇲🇽 Spanish · Mexico
1887
+10
vs
1753
-10
ĐẠI ĐÔ ĐỐC MẠNH ĐẠT
4:44 Loom
13:49 Feudal Age
18:01 Castle Age
16:41 Double-Bit Axe
19:33 Fletching
23:28 Padded Archer Armor
__Chino
4:21 Loom
12:00 Feudal Age
14:32 Town Watch
20:37 Castle Age
18:57 Fletching
19:57 Padded Archer Armor
21:01 Fishing Lines
22:56 Gillnets
Connection lost

Rejoining the realm…

Still unreachable

The connection could not be restored.

Session expired

The server has moved on; the page needs a fresh start.